 Dungeon Sprint DCSS version 0.26-a0-638-gcca6ad1b57 (webtiles) character file.

Game seed: 16890335146678562829

70 Conn the Magician (level 4, 0/43 HPs)
             Began as an Octopode Hedge Wizard on Sept 14, 2020.
             Slain by a worker ant (6 damage)
             ... in the Dungeon (Sprint II: "The Violet Keep of Menkaure").
             The game lasted 00:00:46 (18 turns).

Conn the Magician (Octopode Hedge Wizard)             Turns: 18, Time: 00:00:46

Health: 0/43       AC:  1    Str:  9    XL:     4   Next: 22%
Magic:  5/12       EV: 14    Int: 17    God:
Gold:   0          SH:  0    Dex: 11    Spells: 15/16 levels left

rFire    . . .     SeeInvis .   a - +0 dagger
rCold    . . .     Faith    .   (no shield)
rNeg     . . .     Spirit   .   b - +0 hat
rPois    .         Reflect  .   (no amulet)
rElec    .         Harm     .   (no ring)
rCorr    .         Rampage  .   (no ring)
MR       .....     NoTele   +   (no ring)
Stlth    ..........             (no ring)
HPRegen  0.14/turn              (no ring)
MPRegen  0.13/turn              (no ring)
                                (no ring)
                                (no ring)

@: berserking, lethally poisoned (0 -> -2), hasted, very quick
A: almost no armour, stealthy swim, amphibious, 8 rings, constrict 8, camouflage
1, gelatinous body 1
a: no special abilities


You were in the Dungeon.
You visited 1 branch

Inventory:

Hand Weapons
 a - a +0 dagger (weapon)
Armour
 b - a +0 hat (worn)
Scrolls
 i - a scroll of blinking
Potions
 d - a potion of curing
 e - a potion of heal wounds
 g - 2 potions of magic


   Skills:
 * Level 2.2 Fighting
 + Level 0.1 Short Blades
 + Level 2.8 Dodging
 + Level 3.3 Stealth
 * Level 6.6 Spellcasting
 * Level 2.6 Conjurations
   Level 1.0 Summonings
   Level 1.0 Translocations


You had 15 spell levels left.
You knew the following spells:

 Your Spells              Type           Power        Failure   Level
a - Magic Dart            Conj           ##..         4%          1

Your spell library contained the following spells:

 Spells                   Type           Power        Failure   Level
 Blink                    Tloc           N/A          12%         2
 Call Imp                 Summ           #.......     12%         2
 Slow                     Hex            #.......     19%         2
 Conjure Flame            Conj/Fire      ##......     22%         3
 Mephitic Cloud           Conj/Pois/Air  #.......     26%         3


Dungeon Overview and Level Annotations

Branches:
Dungeon (1/1)

Altars:


Innate Abilities, Weirdness & Mutations

You cannot wear most types of armour.
You are very stealthy in the water. (Stealth+)
You are amphibious.
You can wear up to eight rings at the same time.
You can use your tentacles to constrict eight enemies at once.
Your skin changes colour to match your surroundings (Stealth+).
Your rubbery body absorbs attacks. (AC +1, EV +1)


Message History

You constrict the worker ant, but do no damage.
You feel sick. The worker ant bites you.
You hit the worker ant.
The worker ant is almost dead.
You constrict the worker ant, but do no damage.
The worker ant bites you!
You puncture the worker ant!
You kill the worker ant!
Your Fighting skill increases to level 2!
You have reached level 4!
You hit the worker ant. You grab the worker ant.
The worker ant is moderately wounded.
You constrict the worker ant, but do no damage.
The worker ant bites you!
* * * LOW HITPOINT WARNING * * *
You hit the worker ant.
The worker ant is moderately wounded.
You constrict the worker ant, but do no damage.
The worker ant bites you.
You die...

### ###
.. .. #
.#. ##.
#a#
#...##@##
#.+.<.+
#.m.##.##
##. #+# #


You could see a worker ant.

Vanquished Creatures
  3 worker ants (D)
3 creatures vanquished.

Notes
Turn   | Place    | Note
-------+----------+-------------------------------------------
     0 | D        | Conn the Octopode Hedge Wizard began the quest for the Orb.
     0 | D        | Reached XP level 1. HP: 11/11 MP: 4/4
     1 | D        | Noticed a merfolk siren
     4 | D        | Noticed a worker ant
     4 | D        | Noticed a worker ant
     4 | D        | Noticed a worker ant
     4 | D        | Noticed a worker ant
     9 | D        | Killed a worker ant
     9 | D        | Reached skill level 1 in Fighting
     9 | D        | Reached skill level 5 in Spellcasting
     9 | D        | Reached XP level 2. HP: 18/18 MP: 5/8
    11 | D        | Reached skill level 6 in Spellcasting
    11 | D        | Reached XP level 3. HP: 24/24 MP: 5/10
    16 | D        | Reached XP level 4. HP: 14/29 MP: 5/12
    18 | D        | Slain by a worker ant

Illustrated notes

Levels and vault maps discovered:
D:        the_violet_keep_of_menkaure [sprint2_stairs_cluster_1,
          sprint2_shoproom, sprint2_temple, sprint2_basic_supplies,
          sprint2_obstacle_3, sprint2_obstacle_6, sprint2_obstacle_1,
          sprint2_obstacle_4, sprint2_obstacle_2, sprint2_timed_cluster_1,
          sprint2_smallroom_cluster_1, sprint2_smallroom_final_cluster_1,
          sprint2_transparent_cluster_1, sprint2_second_timed_cluster_1,
          sprint2_sniper_area_1, sprint2_heavy_combat_area_1,
          sprint2_mutation_trap_area_1, sprint2_forest_area_1,
          sprint2_light_combat_area_1, sprint2_behind_water_1,
          sprint2_near_end_vault_1]

Skill      XL: |  1  2  3 |
---------------+----------+-----
Fighting       | 1 2 |  2.2
Stealth        | 3 |  3.3
Spellcasting   | 5 6 |  6.6
Conjurations   | 2 |  2.6
Short Blades   | |  0.1
Dodging        | |  2.8
Summonings     | |  1.0
Translocations | |  1.0

Action                   |  1- 3 |  4- 6 || total
-------------------------+-------+-------++-------
Melee: Dagger            |     9 |     2 ||    11
       Tentacles         |     3 |       ||     3
       Constrict         |     3 |     1 ||     4
  Use: Potion            |     2 |       ||     2
Dodge: Dodged            |     2 |       ||     2

Table legend: (Time is in decaauts)
 A = Elapsed time spent in this place.
 B = Non-inter-level travel time spent in this place.
 C = Inter-level travel time spent in this place.
 D = Time resting spent in this place.
 E = Time spent auto-exploring this place.
 F = Levels seen in this place.
 G = Mean time per level.
                   A        B        C        D        E       F      G
               +--------+--------+--------+--------+--------+-----+--------+
         Total |     14 |     14 |      0 |      0 |      0 |   1 |   14.0 |
       Dungeon |     14 |     14 |      0 |      0 |      0 |   1 |   14.0 |
               +--------+--------+--------+--------+--------+-----+--------+

Top non-repeatable levels by time:
       D: 14 daAuts
